 Dungeon Crawl Stone Soup version 0.28.0-53-g5a82cb258f (webtiles) character file.

Game seed: 3316978885147915919

42 issech the Chopper (level 3, -2/33 HPs)
             Began as a Minotaur Monk on June 9, 2022.
             Slain by Natasha (4 damage)
             ... on level 2 of the Dungeon.
             The game lasted 00:03:48 (1491 turns).

issech the Chopper (Minotaur Monk)                  Turns: 1491, Time: 00:03:48

Health: -2/33      AC:  3    Str: 15    XL:     3   Next: 33%
Magic:  2/2        EV:  8    Int:  7    God:
Gold:   131        SH: 11    Dex: 14    Spells: 2/2 levels left

rFire   . . .      SeeInvis .   a - +0 hand axe
rCold   . . .      Faith    .   b - +0 tower shield
rNeg    . . .      Spirit   .   e - +0 leather armour
rPois   .          Reflect  .   (helmet restricted)
rElec   .          Harm     .   (no cloak)
rCorr   .          Rampage  .   (no gloves)
Will    .....                   (no boots)
Stlth   ++........              (no amulet)
HPRegen 0.11/turn               (no ring)
MPRegen 0.08/turn               (no ring)

@: lethally poisoned (-2 -> -5)
A: horns 2, retaliatory headbutt
a: no special abilities


You were on level 2 of the Dungeon.
You visited 1 branch of the dungeon, and saw 2 of its levels.

You collected 131 gold pieces.

Inventory:

Hand Weapons
 a - a +0 hand axe (weapon)
Missiles
 d - 30 stones (quivered)
 f - 33 sling bullets
 g - 3 atropa-tipped darts
Armour
 b - a +0 tower shield (worn)
 e - a +0 leather armour (worn)
Jewellery
 i - a ring of fire
Scrolls
 k - a scroll of identify {unknown}
Potions
 c - a potion of ambrosia {unknown}
 h - a potion of degeneration {unknown}
 j - a potion of brilliance {unknown}


   Skills:
 + Level 4.0 Fighting
 + Level 4.4 Axes
 + Level 0.6 Armour
 + Level 3.6 Dodging
 + Level 1.9 Stealth
 + Level 0.6 Shields


You had 2 spell levels left.
You didn't know any spells.
Your spell library contained the following spells:

 Spells                   Type           Power      Damage    Failure   Level
 Summon Small Mammal      Summ           0%         N/A       100%        1
 Call Canine Familiar     Summ           0%         N/A       100%        3
 Summon Guardian Golem    Hex/Summ       0%         N/A       100%        3
 Orb of Destruction       Conj           0%         9d5       100%        7
 Spellforged Servitor     Conj/Summ      0%         N/A       100%        7


Dungeon Overview and Level Annotations

Branches:
Dungeon (2/15)

Altars:

Annotations:
D:2 Natasha


Innate Abilities, Weirdness & Mutations

You have a pair of horns on your head.
You reflexively headbutt those who attack you in melee.


Message History

Found a leather armour.
A bat comes into view.
You hit the bat.
You kill the bat!
An adder comes into view.
Found 2 boomerangs.
The adder hisses angrily.
Natasha, Servant of Life and Death comes into view.
Natasha hisses angrily.
You hit the adder.
The adder is moderately wounded.
You block the adder's attack. x2
You barely miss Natasha. Your headbutt misses Natasha.
You closely miss the adder. The adder bites you.
Natasha casts a spell.
The adder bites you but does no damage. Natasha claws you but does no damage.
You barely miss Natasha. You miss the adder. The adder bites you.
Natasha wildly gestures.
Natasha glows brightly for a moment.
Natasha stares at you and mumbles some strange words.
The magic dart hits you. You block the adder's attack.
You hit Natasha but do no damage. You headbutt Natasha.
Natasha is moderately wounded.
You hit the adder but do no damage. The adder barely misses you.
Natasha claws you. The adder bites you.
You are poisoned.
The adder poisons you! The shadow imp gestures at you.
Pain shoots through your body!
* * * LOW HITPOINT WARNING * * *
* * * LOW HITPOINT WARNING * * *
You feel sick. You block Natasha's attack.
The shadow imp laughs crazily.
* * * LOW HITPOINT WARNING * * *
You feel sick. You block Natasha's attack.
You hit Natasha but do no damage.
Natasha is lightly wounded.
* * * LOW HITPOINT WARNING * * *
You feel sick. Natasha claws you.
You die...

#.# #.# #
#########.####.##
#.............
#........####.
#........#
#........#
#........#
#........+
#.......@#
########h####
.......S5..#
...........#
.......)...#
........[..#
...(.......#
...##....... ###
#........


You could see Natasha, an adder and a shadow imp (summoned).

Vanquished Creatures
  An adder (D:2)
  4 endoplasms (D:1)
  2 giant cockroaches
  A goblin (D:1)
  4 hobgoblins
  A kobold (D:1)
  3 quokkas
  2 bats
  4 frilled lizards
  10 rats
32 creatures vanquished.

Notes
Turn   | Place    | Note
-------+----------+-------------------------------------------
     0 | D:1      | issech the Minotaur Monk began the quest for the Orb.
     0 | D:1      | Reached XP level 1. HP: 19/19 MP: 0/0
   149 | D:1      | Reached XP level 2. HP: 27/27 MP: 1/1
  1048 | D:2      | Reached XP level 3. HP: 9/33 MP: 2/2
  1483 | D:2      | Noticed Natasha
  1491 | D:2      | Slain by Natasha

Illustrated notes

Levels and vault maps discovered:
D:1:      wander_arrival_peaceful_grave, layout_rooms, hangedman_glass_teeth
D:2:      layout_basic, minmay_rat_gold_closets, uniq_natasha

Skill      XL: |  1  2 |
---------------+-------+-----
Axes           | 4 |  4.4
Fighting       | 4 |  4.0
Armour         | |  0.6
Dodging        | |  3.6
Stealth        | |  1.9
Shields        | |  0.6

Action                   || total
-------------------------++-------
Melee: Hand axe          ||    76
       Headbutt          ||    11
 Stab: Sleeping          ||     9
Armor: Robe              ||     6
       Leather armour    ||    15
Dodge: Dodged            ||    19
Block: Tower shield      ||    35
